 Dungeon Crawl Stone Soup version 0.31.0-7-gf635a9b802 (webtiles) character file.

Game seed: 16448018696542658334

8 stipulation the Ruffian (level 2, -4/26 HPs)
             Began as a Ghoul Monk on Jan 24, 2024.
             Slain by a kobold
             ... wielding a +3 whip
              (5 damage)
             ... on level 1 of the Dungeon.
             The game lasted 00:00:07 (150 turns).

stipulation the Ruffian (Ghoul Monk)                 Turns: 150, Time: 00:00:07

Health: -4/26      AC:  2    Str: 14    XL:     2   Next: 8%
Magic:  2/2        EV: 12    Int:  9    God:
Gold:   61         SH:  0    Dex: 11    Spells: 1/1 levels left

rFire   . .          .
                       - Unarmed
rCold   + . .        c - orb {light}
rNeg    + + +        a - +0 robe
rPois   ∞            (no helmet)
rElec   .            (no cloak)
rCorr   .            (no gloves)
SInv    .            (no boots)
Will    .....        (no amulet)
Stlth   +            (no ring)
HPRegen 0.00/turn    (no ring)
MPRegen 0.08/turn

%: no passive effects
@: inhibited regen, glowing
A: claws 1, cold resistance 1, negative energy resistance 3, inhibited
regeneration, torment resistance 2, devour on kill
a: no special abilities


You were on level 1 of the Dungeon.
You visited 1 branch of the dungeon, and saw 1 of its levels.

You collected 61 gold pieces.

Inventory:

Armour
 a - a +0 robe (worn)
 c - an orb of light (worn)
Scrolls
 d - a scroll of fog {unknown}
Potions
 b - a potion of ambrosia


   Skills:
 + Level 3.5 Fighting
 + Level 2.8 Dodging
 + Level 3.5 Unarmed Combat


You had one spell level left.
You didn't know any spells.
Your spell library was empty.

Dungeon Overview and Level Annotations

Branches:
Dungeon (1/15)

Altars:


Innate Abilities, Weirdness & Mutations

You are immune to poison.
You have sharp fingernails.
Your flesh is cold resistant. (rC+)
You are immune to negative energy. (rN+++)
You do not regenerate when monsters are visible.
You are immune to unholy pain and torment.
You thrive by killing the living.


Message History

You now have 61 gold pieces (gained 12).
A kobold comes into view. It is wielding a +3 whip.
The kobold shouts!
An endoplasm comes into view.
There is a shaft here.
There are monsters nearby!
The endoplasm jiggles.
The kobold throws a stone.
The stone closely misses you.
You scratch the kobold but do no damage.
The endoplasm freezes you.
You are frozen.
You resist. The kobold hits you with a +3 whip!
You are too injured to fight recklessly!
You are too injured to fight recklessly!
You are too injured to fight recklessly!
You are too injured to fight recklessly!
You are too injured to fight recklessly!
You are too injured to fight recklessly!
You are too injured to fight recklessly!
You are too injured to fight recklessly!
You are too injured to fight recklessly!
You are too injured to fight recklessly!
You are too injured to fight recklessly!
You are too injured to fight recklessly!
You are too injured to fight recklessly!
You are too injured to fight recklessly!
You are too injured to fight recklessly!
You scratch the endoplasm.
The endoplasm is lightly wounded.
The endoplasm barely misses you. The kobold barely misses you.
You scratch the endoplasm.
The endoplasm is severely wounded.
The endoplasm misses you. The kobold hits you with a +3 whip.
You scratch the endoplasm.
You kill the endoplasm!
The kobold hits you with a +3 whip. The kobold hits you with a +3 whip.
The kobold hits you with a +3 whip!
* * * LOW HITPOINT WARNING * * *
The kobold hits you with a +3 whip.
You die...

..... ......
############ .......
#..........#
....[.....##....$.....#
.. .......##...$).?...#
.# ........#...K@.....#
.# #.................#
.# #......^####.######
.# #.......# #.#
.#####.....## #.#
.....(......# #.#
.###........# #.#
............####..
...###............


You could see a kobold.

Vanquished Creatures
  A ball python (D:1)
  3 endoplasms (D:1)
  2 hobgoblins (D:1)
6 creatures vanquished.

Notes
Turn   | Place    | Note
-------+----------+-------------------------------------------
     0 | D:1      | stipulation the Ghoul Monk began the quest for the Orb.
     0 | D:1      | Reached XP level 1. HP: 19/19 MP: 1/1
   123 | D:1      | Reached XP level 2. HP: 26/26 MP: 2/2
   149 | D:1      | HP: 1/26 [kobold/+3 whip (8)]
   150 | D:1      | Slain by a kobold

Illustrated notes

Levels and vault maps discovered:
D:1:      minmay_arrival_plants_in_alcoves, layout_rooms

Action                     || total
---------------------------++-------
  Melee: Unarmed           ||    15
 Armour: Robe              ||     9
  Dodge: Dodged            ||    12
